 Dungeon Crawl Stone Soup version 0.23.2-11-gf996548c65 (webtiles) character file.

Game seed: 9737471235408329128

18 MalarOregon the Digger (level 2, 0/23 HPs)
             Began as a Ghoul Earth Elementalist on June 4, 2019.
             Slain by a bat (1 damage)
             ... on level 1 of the Dungeon.
             The game lasted 00:02:10 (403 turns).

MalarOregon the Digger (Ghoul Earth Elementalist)    Turns: 403, Time: 00:02:10

Health: 0/23       AC:  2    Str: 11    XL:     2   Next: 66%
Magic:  0/3        EV: 12    Int: 10    God:
Gold:   14         SH:  0    Dex:  9    Spells: 3/4 levels left

rFire    . . .     SeeInvis .   f - +0 club
rCold    + . .     Gourm    .   (no shield)
rNeg     + + +     Faith    .   c - +0 robe
rPois    ∞         Spirit   .   (no helmet)
rElec    .         Reflect  .   (no cloak)
rCorr    .         Harm     .   (no gloves)
MR       .....                  (no boots)
Stlth    ++........             (no amulet)
HPRegen  0.00/turn              (no ring)
MPRegen  0.08/turn              (no ring)

@: rotting
A: rotting body, claws 1, carnivore, cold resistance 1, negative energy
resistance 3, inhibited regeneration, torment resistance, unbreathing
a: no special abilities


You were on level 1 of the Dungeon.
You were not hungry.

You visited 1 branch of the dungeon, and saw 1 of its levels.

You collected 14 gold pieces.

Inventory:

Hand Weapons
 f - a +0 club (weapon)
   (You took it off a hobgoblin on level 1 of the Dungeon)
Missiles
 b - 17 stones (quivered)
Armour
 c - a +0 robe (worn)
 g - a +0 buckler
   (You found it on level 1 of the Dungeon)
Scrolls
 d - a scroll of fog {unknown}
Comestibles
 e - 3 rations {!d}


   Skills:
 + Level 1.0 Fighting
 + Level 0.5 Maces & Flails
 - Level 1.9 Dodging
 + Level 2.6 Stealth
 - Level 1.7 Spellcasting
   Level 0.8 Transmutations
 + Level 3.5 Earth Magic


You had 3 spell levels left.
You knew the following spells:

 Your Spells              Type           Power        Failure   Level  Hunger
a - Sandblast             Erth           #.....       8%          1    ##.....

Your spell library contained the following spells:

 Spells                   Type           Power        Failure   Level  Hunger
 Passwall                 Tmut/Erth      #.......     21%         2    ###....
 Stone Arrow              Conj/Erth      #.....       43%         3    ####...
 Petrify                  Tmut/Erth      #.......     78%         4    #####..
 Lee's Rapid Deconstruct  Erth           #.........   90%         5    ######.


Dungeon Overview and Level Annotations

Branches:
Dungeon (1/15)

Altars:


Innate Abilities, Weirdness & Mutations

Your body is rotting away.
You thrive on raw meat.
You are immune to poison.
You have sharp fingernails.
You are carnivorous and can eat meat at any time.
Your flesh is cold resistant. (rC+)
You are immune to negative energy. (rN+++)
You do not regenerate when monsters are visible.
You are immune to unholy pain and torment.
You can survive without breathing.


Message History

You miss the bat. The bat closely misses you. The bat barely misses you.
You hit the bat. The bat hits you but does no damage.
The bat closely misses you. The bat hits you but does no damage.
You closely miss the bat. The bat misses you. The bat barely misses you.
The bat hits you but does no damage.
You barely miss the bat. The bat hits you.
* * * LOW HITPOINT WARNING * * *
You hit the bat. The bat closely misses you. x2
You closely miss the bat. The bat hits you.
* * * LOW HITPOINT WARNING * * *
The bat hits you.
* * * LOW HITPOINT WARNING * * *
The bat hits you.
* * * LOW HITPOINT WARNING * * *
You barely miss the bat. The bat misses you. The bat barely misses you.
Things that are here:
a cursed +0 dagger; a goblin corpse You closely miss the bat.
The bat hits you.
* * * LOW HITPOINT WARNING * * *
The bat hits you but does no damage. x2
You closely miss the bat. The bat barely misses you.
You hit the bat but do no damage. The bat hits you but does no damage.
The bat hits you.
* * * LOW HITPOINT WARNING * * *
You miss the bat. The bat hits you but does no damage. x2
The bat closely misses you.
You barely miss the bat. The bat misses you. The bat closely misses you. x2
You miss the bat. The bat barely misses you. The bat misses you.
You closely miss the bat. The bat barely misses you.
You hit the bat.
The bat misses you. x2; The bat hits you but does no damage.
You barely miss the bat. The bat hits you.
* * * LOW HITPOINT WARNING * * *
Aim: a bat (moderately wounded)
The blast of sand misses the bat.
b - 19 stones The bat hits you but does no damage.
Aim: a bat (moderately wounded)
The blast of sand misses the bat.
b - 18 stones The bat hits you.
* * * LOW HITPOINT WARNING * * *
Aim: a bat (moderately wounded)
The blast of sand hits the bat.
b - 17 stones The bat hits you.
* * * LOW HITPOINT WARNING * * *
The bat hits you but does no damage.
You closely miss the bat. The bat misses you. The bat hits you.
You die...

### ..# #.## ...#
#..# # ..# #..# #.
#.# #..# .##.# #@.#
#. ...# #b.# ...
#..# #..# .#.##..#
#..#
.#.##..#########..#
...#..............#
......###########.#
........# .#
........# .#


You could see a bat.

Vanquished Creatures
  A dart slug (D:1)
  3 giant cockroaches (D:1)
  4 goblins (D:1)
  2 hobgoblins (D:1)
  A frilled lizard (D:1)
  3 rats (D:1)
14 creatures vanquished.

Notes
Turn   | Place    | Note
-------+----------+-------------------------------------------
     0 | D:1      | MalarOregon the Ghoul Earth Elementalist began the quest
                  | for the Orb.
     0 | D:1      | Reached XP level 1. HP: 14/14 MP: 2/2
   208 | D:1      | Reached XP level 2. HP: 8/22 MP: 3/3
   339 | D:1      | Reached skill level 1 in Fighting
   402 | D:1      | HP: 1/23 [bat (1)]
   403 | D:1      | Slain by a bat

Skill      XL: |  1  2 |
---------------+-------+-----
Fighting       | 1 |  1.0
Maces & Flails | |  0.5
Dodging        | |  1.9
Stealth        | |  2.6
Spellcasting   | |  1.7
Transmutations | |  0.8
Earth Magic    | |  3.5

Action                   || total
-------------------------++-------
Melee: Club              ||    63
 Cast: Sandblast         ||    13
 Stab: Sleeping          ||     1
  Eat: Chunk             ||    10
Armor: Robe              ||    17
Dodge: Dodged            ||    56
